Map: Torches LE

Players

Pokeplaya

  • Race: Protoss Protoss
  • League: Diamond
  • Spawn Location: 1:00

LigerMaNN - Winner!

  • Race: Zerg Zerg
  • League: Diamond
  • Spawn Location: 5:00

VOD

Have the link to the VOD?

Description

Time

  • Played on: June 28, 2025, 1:18 p.m.
  • Length: 2:06
Show
View Real Time Build Order
Export as new Build Order

Pokeplaya Protoss 

Build Orders:  

Get SALT Encoding   

  12  0:00  Probe  
  13  0:12  Probe  
  14  0:19  Pylon  
  14  0:24  Probe  
  15  0:37  Probe  
  15  0:42  Gateway  
  16  0:49  Probe  
  17  1:01  Probe  
  18  1:15  Gateway  
  18  1:16  Probe  
  19  1:18  Assimilator  
  19  1:28  Probe  
  19  1:29  Zealot  
  19  1:31  Pylon  
  22  1:54  Nexus  
Show
View Real Time Build Order
Export as new Build Order

LigerMaNN Zerg - Winner!

Build Orders: Pool First 

Get SALT Encoding   

  12  0:17  Spawning Pool  
  11  0:22  Drone  
  11  0:27  Drone  
  13  0:31  Drone  
  14  0:40  Overlord  
  14  1:05  Zergling x6  
  17  1:15  Hatchery  
  17  1:18  Zergling x2  
  17  1:27  Zergling x2  
  20  1:40  Zergling x2  
Tags
 
Matchup
PvZ
Opening
Pool First
Replay Pack
June 2025
Spawn Locations
Close Positions
Add a new tag
Caveats
  • Supply blocks, unpowered buildings, or Contaminate may cause inaccurate times.
  • Supply counts are checked every 10 seconds.